 Dungeon Crawl Stone Soup version 0.26-a0-597-gb535b0901c (webtiles) character file.

Game seed: 4542331476733195425

15627 Gorglomux the Geomancer (level 12, -10/82 HPs)
             Began as a Kobold Earth Elementalist on Aug 28, 2020.
             Was a Priest of Dithmenos.
             Mangled by an entropy weaver
             ... wielding a +0 mace
              (15 damage)
             ... on level 12 of the Dungeon.
             The game lasted 00:21:38 (17802 turns).

Gorglomux the Geomancer (KoEE)                     Turns: 17802, Time: 00:21:39

Health: -10/82     AC:  7    Str:  5    XL:     12   Next: 60%
Magic:  5/18       EV: 18    Int: 27    God:    Dithmenos [***...]
Gold:   776        SH:  0    Dex: 16    Spells: 4/19 levels left

rFire    . . .     SeeInvis .   q - +6 dagger (elec)
rCold    . . .     Faith    .   (shield restricted)
rNeg     . . .     Spirit   .   C - +0 troll leather armour
rPois    .         Reflect  .   f - +2 helmet
rElec    .         Harm     .   (no cloak)
rCorr    .                      u - +2 pair of gloves
MR       .....                  v - +0 pair of boots
Stlth    +++++.....             (no amulet)
HPRegen  0.63/turn              d - +4 ring of evasion
MPRegen  0.16/turn              n - +6 ring of intelligence

@: brilliant, corroded, wreathed by umbra
A: small, nightstalker 3
a: Shadow Step, Renounce Religion


You were on level 12 of the Dungeon.
You worshipped Dithmenos.
Dithmenos was most pleased with you.
You visited 2 branches of the dungeon, and saw 15 of its levels.
You also visited: Ossuary.

You collected 776 gold pieces.

Inventory:

Hand Weapons
 q - a +6 dagger of electrocution (weapon)
Missiles
 c - 4 stones (quivered)
 Z - a throwing net
Armour
 a - a +0 kite shield
 f - a +2 helmet (worn)
 u - a +2 pair of gloves (worn)
 v - a +0 pair of boots (worn)
 C - a +0 troll leather armour (worn)
Jewellery
 b - an uncursed ring of positive energy
 d - a +4 ring of evasion (left hand)
 n - a +6 ring of intelligence (right hand)
Wands
 h - a wand of disintegration (26)
 I - a wand of iceblast (2)
 V - a wand of flame (17)
Scrolls
 g - 2 scrolls of fear
 t - a scroll of amnesia
 y - a scroll of immolation
 z - a scroll of fog
 B - 3 scrolls of blinking
 M - 3 scrolls of magic mapping
 R - a scroll of identify
 T - 2 scrolls of teleportation
 W - 4 scrolls of remove curse
Potions
 e - 2 potions of cancellation
 i - a potion of magic
 j - a potion of berserk rage {unknown}
 k - a potion of ambrosia
 p - 2 potions of stabbing
 r - a potion of flight {unknown}
 w - 5 potions of might
 x - 4 potions of brilliance
 A - a potion of resistance
 H - 2 potions of haste
 Q - 8 potions of curing
Miscellaneous
 m - a condenser vane (inert)
 Y - a tin of tremorstones (1/3)


   Skills:
 + Level 12.4 Fighting
 - Level 3.0 Armour
 - Level 2.4 Dodging
 - Level 5.0 Stealth
 - Level 4.0 Spellcasting
 - Level 5.6 Conjurations
 - Level 4.0 Transmutations
 + Level 13.0 Earth Magic


You had 4 spell levels left.
You knew the following spells:

 Your Spells              Type           Power        Failure   Level
a - Sandblast             Erth           ######       1%          1
b - Stone Arrow           Conj/Erth      ######       1%          3
c - Passwall              Tmut/Erth      ######..     1%          2
d - Petrify               Tmut/Erth      ######..     3%          4
l - Lee's Rapid Deconstr  Erth           #######...   1%          5

Your spell library contained the following spells:

 Spells                   Type           Power        Failure   Level
 Summon Small Mammal      Summ           #...         13%         1
 Call Imp                 Summ           #.......     19%         2
 Call Canine Familiar     Summ           #.......     36%         3
 Summon Guardian Golem    Hex/Summ       #.......     36%         3
 Summon Ice Beast         Ice/Summ       #.......     77%         4
 Summon Lightning Spire   Summ/Air       #.......     77%         4


Dungeon Overview and Level Annotations

Branches:
Dungeon (14/15)            Temple (1/1) D:7            Lair (0/6) D:8
Ossuary (visited)
    Orc: D:9-12      Vaults: D:13-14

Altars:
Ashenzari
Dithmenos
Elyvilon
Fedhas
Gozag
Hepliaklqana
Makhleb
Nemelex Xobeh
Okawaru
Qazlal
Ru
Sif Muna
Trog
Uskayaw
Wu Jian
Xom
Yredelemnul
Zin
The Shining One


Innate Abilities, Weirdness & Mutations

You are small and have problems with some larger weapons.
You are completely attuned to the shadows.


Message History

Press: ? - help, Dir - move target cursor A rock wall.
This square is wreathed by an umbra.
The wall shatters!
The blast of rock fragments hits the soldier ant!
You kill the soldier ant!
Dithmenos accepts your kill.
The blast of rock fragments hits the soldier ant!!
You kill the soldier ant!
Dithmenos accepts your kill.
The blast of rock fragments hits the entropy weaver!!
The entropy weaver is moderately wounded.
The blast of rock fragments hits the worker ant!!
You kill the worker ant!
Dithmenos accepts your kill.
Unknown command.
The entropy weaver gestures at you while chanting.
The entropic weave corrodes you!
You see here a hound skeleton.
The entropy weaver hits you with a +0 mace!
The entropy weaver hits you but does no damage.
The entropy weaver misses you.
The entropy weaver hits you with a +0 mace!
Casting: Lee's Rapid Deconstruction (dangerous; 1% risk of failure)
Confirm with . or Enter, or press ? or * to list all spells.
Aiming: Petrify (dangerous; 3% risk of failure)
Press: ? - help, Shift-Dir - straight line, f - entropy weaver
Aim: an entropy weaver, wielding a +0 mace (moderately wounded, umbra, chance to defeat MR: 38%)
The entropy weaver resists with some effort.
The entropy weaver hits you with a +0 mace!
The entropy weaver hits you with a +0 mace.
The entropy weaver barely misses you.
The entropy weaver hits you with a +0 mace.
Evoke which item? (* to show all) (? for menu, Esc to quit)
Okay, then.
Evoke which item? (* to show all) (? for menu, Esc to quit)
The tremorstone explodes into fragments!
The burst of rock shards engulfs the entropy weaver!
The entropy weaver hits you with a +0 mace!
* * * LOW HITPOINT WARNING * * *
The entropy weaver hits you with a +0 mace!
* * * LOW HITPOINT WARNING * * *
The entropy weaver hits you with a +0 mace.
* * * LOW HITPOINT WARNING * * *
The entropy weaver hits you with a +0 mace.
* * * LOW HITPOINT WARNING * * *
It was a potion of brilliance.
You feel clever all of a sudden.
The entropy weaver hits you with a +0 mace!
You die...

#############
#..@a..÷..... ###
#.###.##.###
..############.##.##.#.#.
.....)....†..#.##.#a.##.#
......##.###.......###.##
#.######.# ###.##.#.#.aa.
#.# ##.## #.##.##a##..
..# #...####.##.##†.†..
### #.......#....#.##...


You could see an entropy weaver.

Vanquished Creatures
  An entropy weaver (D:12)
  Erolcha (D:12)
  A two-headed ogre (D:9)
  A queen ant (D:12)
  3 ugly things
  3 trolls
  2 polar bears (D:10)
  A dream sheep (D:9)
  2 hippogriffs
  2 centaur simulacra (D:10)
  A shadow (D:14)
  Sigmund (D:6)
  A vampire (D:11)
  A wraith (D:11)
  4 wyverns
  Edmund (D:6)
  6 soldier ants (D:12)
  3 acid dragons
  8 orc warriors
  A swamp drake (D:12)
  A porcupine (D:8)
  7 sky beasts
  3 black bears
  3 ice beasts
  A wolf (D:10)
  8 ogres
  5 centaurs
  2 elf zombies (Ossuary)
  6 big kobolds
  4 bullfrogs
  A wyvern skeleton (D:12)
  3 scorpions
  6 killer bees
  4 wights (D:6)
  An electric eel (D:10)
  9 howler monkeys
  3 centaur zombies
  A bullfrog zombie (D:12)
  A quasit (D:5)
  3 hounds
  4 jellies
  2 human zombies
  5 orc priests
  2 bullfrog skeletons
  2 iguanas
  13 orc wizards
  21 worker ants
  2 big kobold zombies (Ossuary)
  A bullfrog simulacrum (D:10)
  2 hound zombies (Ossuary)
  A hound skeleton (D:11)
  A howler monkey zombie (D:6)
  3 mummies (Ossuary)
  A killer bee simulacrum (D:10)
  3 gnolls (D:4)
  12 adders
  4 shadow imps
  3 white imps
  3 ufetubi
  An ooze (D:9)
  2 worms (D:4)
  4 dart slugs
  4 leopard geckos
  52 orcs
  4 giant cockroaches
  7 hobgoblins
  6 jackals
  A quokka (D:6)
  A ball python (D:5)
  8 bats
  10 frilled lizards
  2 gnoll zombies (Ossuary)
  11 goblins
  2 goblin zombies (Ossuary)
  6 hobgoblin zombies (Ossuary)
  2 jackal zombies (Ossuary)
  39 kobolds
  2 kobold zombies (Ossuary)
  A leopard gecko zombie (D:9)
  2 orc zombies (Ossuary)
  5 quokka zombies (Ossuary)
  5 rats
378 creatures vanquished.

Vanquished Creatures (others)
  4 dream sheep (D:9)
  30 fungi (D:8)
  14 plants (D:8)
48 creatures vanquished.

Grand Total: 426 creatures vanquished

Notes
Turn   | Place    | Note
-------+----------+-------------------------------------------
     0 | D:1      | Gorglomux the Kobold Earth Elementalist began the quest for
                  | the Orb.
     0 | D:1      | Reached XP level 1. HP: 10/10 MP: 3/3
   309 | D:1      | Reached skill level 3 in Stealth
   377 | D:1      | Reached XP level 2. HP: 15/15 MP: 3/5
   733 | D:1      | Reached XP level 3. HP: 19/19 MP: 4/6
  1026 | D:1      | Learned a level 3 spell: Stone Arrow
  1272 | D:2      | Found a stormy altar of Qazlal.
  1272 | D:2      | Noticed a fire elemental
  1272 | D:2      | Noticed an air elemental
  1277 | D:2      | Noticed a water elemental
  1277 | D:2      | Noticed an earth elemental
  1491 | D:2      | Reached XP level 4. HP: 24/24 MP: 8/8
  1598 | D:2      | Found a shimmering blue altar of Sif Muna.
  1605 | D:2      | Found a basalt altar of Yredelemnul.
  1695 | D:2      | Reached skill level 1 in Conjurations
  2312 | D:3      | HP: 1/24 [worm (7)]
  3125 | D:3      | Found a faded altar of an unknown god.
  3140 | D:3      | Reached XP level 5. HP: 28/28 MP: 6/9
  3217 | D:3      | Reached skill level 4 in Earth Magic
  3601 | D:4      | Noticed an ogre
  3605 | D:4      | Killed an ogre
  3605 | D:4      | Reached XP level 6. HP: 32/32 MP: 6/10
  4072 | D:4      | Reached skill level 3 in Conjurations
  4182 | D:4      | Noticed an ogre
  4215 | D:4      | Killed an ogre
  4215 | D:4      | Reached skill level 5 in Earth Magic
  4215 | D:4      | Reached XP level 7. HP: 36/36 MP: 7/11
  4443 | D:5      | Entered Level 5 of the Dungeon
  4585 | D:5      | Found a sand-covered staircase.
  4648 | D:5      | Learned a level 2 spell: Passwall
  4653 | D:5      | Learned a level 4 spell: Petrify
  4747 | Ossuary  | Entered an ossuary
  5059 | Ossuary  | Reached skill level 6 in Earth Magic
  5364 | Ossuary  | Reached XP level 8. HP: 41/41 MP: 10/12
  6892 | D:5      | Reached skill level 1 in Fighting
  6892 | D:5      | Reached skill level 7 in Earth Magic
  7329 | D:6      | Found a bloodstained altar of Trog.
  7429 | D:6      | Reached skill level 3 in Fighting
  7468 | D:6      | Reached XP level 9. HP: 42/51 MP: 10/13
  7587 | D:6      | Reached skill level 8 in Earth Magic
  7763 | D:6      | Noticed Sigmund
  7785 | D:6      | Killed Sigmund
  8125 | D:6      | Reached skill level 6 in Fighting
  8125 | D:6      | Reached skill level 9 in Earth Magic
  8268 | D:6      | Found a sacrificial altar of Ru.
  8450 | D:6      | Noticed Edmund
  8489 | D:6      | Killed Edmund
  9081 | D:7      | Reached XP level 10. HP: 63/63 MP: 7/14
  9403 | D:7      | Found a staircase to the Ecumenical Temple.
  9548 | D:7      | Reached skill level 3 in Spellcasting
 10135 | D:8      | Reached skill level 10 in Earth Magic
 10205 | D:8      | You fall into a shaft and drop 2 floors!
 10205 | D:10     | Entered Level 10 of the Dungeon
 10272 | D:10     | Reached skill level 3 in Transmutations
 10629 | D:9      | Found a burning altar of Makhleb.
 10719 | Temple   | Entered the Ecumenical Temple
 10838 | Temple   | Became a worshipper of Dithmenos the Shadowed
 11183 | D:8      | Found a staircase to the Lair.
 11920 | D:8      | Learned a level 5 spell: Lee's Rapid Deconstruction
 12186 | D:8      | Found a blossoming altar of Fedhas.
 12316 | D:9      | Found a hide-covered altar of Uskayaw.
 12338 | D:9      | Reached * piety under Dithmenos
 12338 | D:9      | Reached XP level 11. HP: 42/69 MP: 12/17
 12397 | D:9      | Reached skill level 9 in Fighting
 12484 | D:9      | Noticed a two-headed ogre
 12558 | D:9      | Killed a two-headed ogre
 12558 | D:9      | Reached skill level 11 in Earth Magic
 12861 | D:9      | Found a glowing silver altar of Zin.
 12920 | D:9      | Found a sparkling altar of Nemelex Xobeh.
 13148 | D:9      | Found a shimmering altar of Xom.
 13245 | D:9      | Found a sparkling altar of Nemelex Xobeh.
 14817 | D:11     | Noticed a red ugly thing
 14826 | D:11     | Killed a red ugly thing
 14826 | D:11     | Reached ** piety under Dithmenos
 15120 | D:11     | Noticed a brown ugly thing
 15134 | D:11     | Killed a brown ugly thing
 15134 | D:11     | Reached skill level 12 in Earth Magic
 16412 | D:12     | Reached skill level 1 in Armour
 16420 | D:12     | Noticed Erolcha
 16441 | D:12     | Killed Erolcha
 16441 | D:12     | Reached XP level 12. HP: 63/80 MP: 7/18
 16927 | D:12     | You fall into a shaft and drop 2 floors!
 17174 | D:12     | Noticed a two-headed ogre
 17189 | D:12     | Noticed an entropy weaver
 17314 | D:12     | Noticed an entropy weaver
 17328 | D:12     | Reached *** piety under Dithmenos
 17331 | D:12     | Killed an entropy weaver
 17331 | D:12     | Reached skill level 12 in Fighting
 17331 | D:12     | Reached skill level 3 in Armour
 17584 | D:12     | Noticed a queen ant
 17633 | D:12     | Killed a queen ant
 17633 | D:12     | Reached skill level 13 in Earth Magic
 17801 | D:12     | HP: 4/82 [entropy weaver/+0 mace (5)]
 17802 | D:12     | Mangled by an entropy weaver

Illustrated notes

Levels and vault maps discovered:
D:1:      roderic_dead_forest, layout_loops_ring
D:2:      layout_loops_corners, minitemple, nicolae_qazlal_style_of_elements
D:3:      layout_basic, chequers_ecumenical_altar_twisty
D:4:      layout_loops_cross
D:5:      layout_loops_ring, enter_ossuary_3, minmay_increasing_density
D:6:      layout_rooms, trog_ov_bears_minmay,
          nicolae_ru_great_annihilating_truth, uniq_sigmund, uniq_edmund
D:7:      layout_basic, temple_statues
D:8:      layout_loops_ring, fedhas_ov_isle_minmay,
          grunt_lair_entry_orc_guard_hut, roderic_three_in_a_row,
          lightli_minifort
D:9:      layout_long_grid, zin_statuary, bloody_makhleb,
          grunt_temple_overflow_open, kb_xom_exploding_sheep,
          kennysheep_cross_room, st_stairs_9, nemelex_dance_club_becter
D:10:     layout_loops_ring, serial_ice, serial_ice_k, serial_ice_f,
          serial_ice_o, serial_ice_b
D:11:     layout_grid_maze
D:12:     layout_loops_ring, erik_orc_1, gauntlet_entry_generic,
          minmay_another_anthill, uniq_erolcha
D:13:     layout_gridville, serial_glass, glass_columns_a, glass_columns_a,
          nicolae_dithmenos_the_darkroom
D:14:     layout_roguey, grunt_vaults_entry_tiered, fountainhead
Temple:   hc_temple_tempest_star

Skill      XL: |  1  2  3  4  5  6  7  8  9 10 11 12 |
---------------+-------------------------------------+-----
Stealth        | 3 4 5 |  5.0
Conjurations   | 1 2 3 4 5 |  5.6
Earth Magic    | 4 5 6 7 9 10 12 13 | 13.0
Fighting       | 3 7 8 11 12 | 12.4
Spellcasting   | 4 |  4.0
Transmutations | 4 |  4.0
Armour         | 1 3 |  3.0
Dodging        | |  2.4

Action                   |  1- 3 |  4- 6 |  7- 9 | 10-12 || total
-------------------------+-------+-------+-------+-------++-------
Melee: Unarmed           |     3 |       |       |       ||     3
       Dagger            |    22 |    33 |    11 |   246 ||   312
       Trident           |       |     5 |   176 |       ||   181
 Cast: Sandblast         |    34 |    46 |   127 |   230 ||   437
       Stone Arrow       |     1 |     1 |    14 |    11 ||    27
       Petrify           |       |       |     2 |    22 ||    24
       Lee's Rapid Decon |       |       |       |    15 ||    15
       Passwall          |       |       |       |     1 ||     1
Evoke: Wand              |       |       |       |     5 ||     5
       Condenser vane    |       |       |       |     2 ||     2
       Tin of tremorston |       |       |       |     2 ||     2
  Use: Scroll            |       |       |     9 |    25 ||    34
       Potion            |       |       |       |     2 ||     2
 Stab: Sleeping          |     8 |     3 |    19 |     5 ||    35
       Petrified         |       |       |    11 |    21 ||    32
       Petrifying        |       |       |     2 |     1 ||     3
       Distracted        |       |       |       |     3 ||     3
       Invisible         |       |       |       |     1 ||     1
Armor: Robe              |     2 |     6 |    34 |    20 ||    62
       Troll leather arm |       |       |       |    30 ||    30
Dodge: Dodged            |    27 |    42 |   193 |   273 ||   535

Table legend: (Time is in decaauts)
 A = Elapsed time spent in this place.
 B = Non-inter-level travel time spent in this place.
 C = Inter-level travel time spent in this place.
 D = Time resting spent in this place.
 E = Time spent auto-exploring this place.
 F = Levels seen in this place.
 G = Mean time per level.
                   A        B        C        D        E       F      G
               +--------+--------+--------+--------+--------+-----+--------+
         Total |  17871 |  17290 |    581 |   1353 |  13476 |  16 | 1116.9 |
       Dungeon |  16476 |  15933 |    543 |   1118 |  12643 |  14 | 1176.9 |
        Temple |    135 |     98 |     37 |      0 |     96 |   1 |  135.0 |
       Ossuary |   1259 |   1259 |      0 |    235 |    737 |   1 | 1259.0 |
               +--------+--------+--------+--------+--------+-----+--------+

Top non-repeatable levels by time:
     D:5: 1633 daAuts
    D:11: 1568 daAuts
     D:8: 1534 daAuts
     D:9: 1528 daAuts
     D:6: 1467 daAuts
     D:7: 1427 daAuts
    D:10: 1412 daAuts
     D:3: 1350 daAuts
    D:12: 1266 daAuts
 Ossuary: 1259 daAuts
     D:1: 1043 daAuts
     D:4: 1026 daAuts
     D:2: 1022 daAuts
  Temple: 135 daAuts
    D:14: 109 daAuts
